 Dungeon Crawl Stone Soup version 0.21.1-1-g345015fe64 (webtiles) character file.

14022 Lennu the Basher (level 11, -5/84 HPs)
             Began as a Demonspawn Fighter on May 30, 2018.
             Was the Champion of Okawaru (penitent).
             Killed from afar by a frost giant (9 damage)
             ... with a bolt of cold
             ... created by the fury of Okawaru
             ... on level 1 of the Lair of Beasts.
             The game lasted 00:41:49 (15474 turns).

Lennu the Basher (Demonspawn Fighter)              Turns: 15474, Time: 00:41:50

Health: -5/84      AC: 22    Str: 18      XL:     11   Next: 83%
Magic:  5/5        EV: 10    Int:  8 (10) God:    Okawaru [*]
Gold:   542        SH: 11    Dex: 18 (19) Spells: 13/16 levels left

rFire    + . .     SeeInvis +   N - +5 morningstar (antimagic)
rCold    + + +     Gourm    .   c - +0 shield
rNeg     . . .     Faith    +   S - +7 chain mail "Boruqeur" {+Fly rElec rC++ Slay-3}
rPois    +         Spirit   .   (helmet unavailable)
rElec    +         Reflect  .   b - scarf {repulsion}
rCorr    +         Harm     .   y - +0 pair of gloves
MR       .....                  V - +1 pair of boots "Dampik" {rPois}
Stlth    ..........             g - amulet of faith
HPRegen  0.24/turn              l - +3 ring of slaying
MPRegen  0.09/turn              U - ring of the Octopus King {AC+1 EV+1 Str+1 Int+1 Dex+1 SInv}

@: resistant (expiring), drained, repel missiles
A: antennae 3, thin skeletal structure 1, blink, demonic guardian 2,
deterioration 1, nightstalker 1
a: Blink, Renounce Religion, Evoke Flight


You were on level 1 of the Lair of Beasts.
You worshipped Okawaru.
Okawaru was demanding penance.
You were not hungry.

You visited 3 branches of the dungeon, and saw 16 of its levels.
You also visited: Sewer.

You collected 934 gold pieces.
You spent 392 gold pieces at shops.

Inventory:

Hand Weapons
 n - a +2 whip of electrocution
 N - a +5 antimagic morningstar (weapon)
Armour
 b - a scarf of repulsion (worn)
 c - a +0 shield (worn)
 y - a +0 pair of gloves (worn)
 R - a +4 scale mail of positive energy
 S - the +7 chain mail "Boruqeur" (worn) {+Fly rElec rC++ Slay-3}
   (You took it off an orc on level 12 of the Dungeon)

   It affects your accuracy and damage with ranged weapons and melee attacks
   (-3).
   It greatly protects you from cold.
   It insulates you from electricity.
   It lets you fly.
 V - the +1 pair of boots "Dampik" (worn) {rPois}
   (You found it on level 13 of the Dungeon)

   It protects you from poison.
Jewellery
 a - an uncursed ring of protection from cold
 g - an amulet of faith (around neck)
 j - an uncursed ring of magical power
 l - a +3 ring of slaying (left hand)
 x - an uncursed ring of protection from cold
 F - a +4 ring of intelligence
 O - an uncursed ring of fire
 P - an uncursed ring of resist corrosion
 U - a ring of the Octopus King (right hand) {AC+1 EV+1 Str+1 Int+1 Dex+1 SInv}
   (You found it on level 12 of the Dungeon)

   [ring of see invisible]

   It affects your AC (+1).
   It affects your evasion (+1).
   It affects your strength (+1).
   It affects your intelligence (+1).
   It affects your dexterity (+1).
   It lets you see invisible.
Wands
 o - a wand of enslavement (43)
 E - a wand of acid (11)
 H - a wand of random effects (51)
 J - a wand of polymorph (15)
 K - a wand of flame (35)
 Q - a wand of digging (15)
Scrolls
 m - 8 scrolls of remove curse
 p - 3 scrolls of teleportation
 s - 3 scrolls of magic mapping
 t - 4 scrolls of enchant weapon
 A - 2 scrolls of vulnerability
 C - 2 scrolls of amnesia
 G - a scroll of enchant armour
 T - 2 scrolls of noise
 W - 2 scrolls of identify
Potions
 d - 2 potions of might
 e - 6 potions of brilliance
 i - 2 potions of degeneration
 k - 2 potions of haste
 q - 2 potions of agility
 r - 4 potions of flight
 v - 2 potions of lignification
 z - 3 potions of curing
 L - a potion of magic
Books
 h - a book of Necromancy

   Spells                             Type                      Level
   a - Pain                           Necromancy                   1
   b - Animate Skeleton               Necromancy                   1
   c - Vampiric Draining              Necromancy                   3
   d - Regeneration                   Charms/Necromancy            3
   e - Animate Dead                   Necromancy                   4
   f - Borgnjor's Vile Clutch         Necromancy/Earth             5
 u - a book of Misfortune

   Spells                             Type                      Level
   a - Confusing Touch                Hexes                        1
   b - Confuse                        Hexes                        3
   c - Gell's Gravitas                Translocation                3
   d - Petrify                        Transmutation/Earth          4
   e - Metabolic Englaciation         Hexes/Ice                    5
   f - Yara's Violent Unravelling     Hexes/Transmutation          5
 B - a book of Party Tricks

   Spells                             Type                      Level
   a - Summon Butterflies             Summoning                    1
   b - Apportation                    Translocation                1
   c - Lesser Beckoning               Translocation                3
   d - Tukima's Dance                 Hexes                        3
   e - Alistair's Intoxication        Transmutation/Poison         5
   f - Invisibility                   Hexes                        6
 D - a book of Frost

   Spells                             Type                      Level
   a - Freeze                         Ice                          1
   b - Throw Frost                    Conjuration/Ice              2
   c - Ozocubu's Armour               Charms/Ice                   3
   d - Throw Icicle                   Conjuration/Ice              4
   e - Summon Ice Beast               Ice/Summoning                4
 I - a book of Minor Magic

   Spells                             Type                      Level
   a - Magic Dart                     Conjuration                  1
   b - Blink                          Translocation                2
   c - Call Imp                       Summoning                    2
   d - Slow                           Hexes                        2
   e - Conjure Flame                  Conjuration/Fire             3
   f - Mephitic Cloud                 Conjuration/Poison/Air       3
 X - a book of Transfigurations

   Spells                             Type                      Level
   a - Irradiate                      Conjuration/Transmutation    5
   b - Statue Form                    Transmutation/Earth          6
   c - Hydra Form                     Transmutation                6
   d - Dragon Form                    Transmutation                7
Comestibles
 f - 28 rations
 Y - a chunk of flesh


   Skills:
 * Level 7.0(6.9) Fighting
 * Level 10.1(10.0) Maces & Flails
 * Level 7.6(7.5) Armour
 * Level 5.1(5.0) Dodging
 * Level 7.4(7.3) Shields
 + Level 3.3(3.2) Spellcasting
 * Level 4.5(4.4) Charms
 * Level 5.4(5.3) Necromancy


You had 13 spell levels left.
You knew the following spells:

 Your Spells              Type           Power        Failure   Level  Hunger
a - Regeneration          Chrm/Necr      #.........   98%         3    ####...


Dungeon Overview and Level Annotations

Branches:
Dungeon (13/15)            Temple (1/1) D:7            Lair (2/6) D:10
    Orc (0/2) D:12
  Swamp: Lair:2-4    Shoals: Lair:2-4     Snake: Lair:2-4    Spider: Lair:2-4
 Vaults: D:13-14

Altars:
Ashenzari
Dithmenos
Elyvilon
Fedhas
Gozag
Hepliaklqana
Kikubaaqudgha
Makhleb
Nemelex Xobeh
Okawaru
Qazlal
Ru
Sif Muna
Trog
Uskayaw
Vehumet
Wu Jian
Xom
Yredelemnul
Zin
The Shining One

Shops:
D:5 }   D:11 *

Portals:
Trove: D:13 (give 16 potions of curing)


Innate Abilities, Weirdness & Mutations

You have a pair of large antennae on your head. (SInv)
You have a somewhat thin skeletal structure. (Dex +2, Stealth)
A demonic guardian rushes to your aid.
You are slightly more attuned to the shadows.
You can translocate small distances at will.
Your body sometimes deteriorates upon taking damage.


Message History

* * * LOW HITPOINT WARNING * * *
The tengu warrior claws you but does no damage.
You miss the tengu warrior. The polar bear closely misses you.
The polar bear claws you.
* * * LOW HITPOINT WARNING * * *
You block the polar bear's attack.
The tengu warrior hits you but does no damage.
The tengu warrior pecks you but does no damage.
The tengu warrior claws you but does no damage.
The polar bear rages.
You start to feel less resistant.
You block the spiny frog's attack.
The polar bear rages.
The tengu warrior unwields an uncursed enchanted dire flail.
The tengu warrior wields an arbalest.
The tengu warrior shoots a bolt.
You block the bolt.
The bolt disappears in a puff of smoke!
You block the spiny frog's attack. The frost giant casts a spell at you.
The bolt of cold hits you! You resist.
You die...

...........#...###.
##..##.##+##..#.#
#. #.........# #.
.......#>.8#...
..#.............
#..#....CQ#h.##.#
#. #......F..^.##
#......##.....
#......@#.....
.##.#..+#.#...
....... .. ........
# .........
........ .#.###


You could see a frost giant and a tengu warrior.

Vanquished Creatures
  A centaur warrior (D:13)
  2 deep elf knights (Lair:1)
  3 deep elf magi
  An ugly thing (D:11)
  Maurice (D:9)
  A black mamba (Lair:1)
  A centaur zombie (D:13)
  4 trolls
  2 hippogriffs
  A shadow (D:11)
  2 wraiths (D:12)
  4 yaks (D:10)
  2 steam dragons (D:8)
  A soldier ant (D:11)
  5 porcupines
  A water moccasin (D:11)
  A swamp drake (D:9)
  3 orc warriors
  2 sky beasts
  An ice beast (D:10)
  2 black bears
  2 necrophages
  7 centaurs
  2 ogres
  A wolf (D:10)
  3 crocodiles
  7 bullfrogs
  A wyvern zombie (D:11)
  Dowan (D:7)
  3 scorpions
  A wyvern skeleton (D:11)
  8 killer bees
  3 wights (D:13)
  4 crimson imps
  4 jellies
  4 orc priests
  7 orc wizards
  A centaur skeleton (D:4)
  5 hounds
  A quasit (D:13)
  Crazy Yiuf (D:3)
  A bullfrog skeleton (D:4)
  3 iguanas
  8 worker ants
  A worker ant zombie (D:6)
  13 adders
  2 gnolls (D:2)
  A howler monkey skeleton (D:8)
  2 river rats (D:3)
  3 oozes
  An adder zombie (D:9)
  2 adder skeletons
  6 worms
  6 leopard geckos
  41 orcs
  13 bats
  9 giant cockroaches
  4 goblins
  6 hobgoblins
  7 jackals
  4 kobolds
  4 quokkas
  4 ball pythons
  5 frilled lizards
  2 quokka skeletons
  10 rats
265 creatures vanquished.

Vanquished Creatures (collateral kills)
  A hydra (D:11)
  2 two-headed ogres (D:10)
  A deep elf archer (D:13)
  A deep elf mage (Lair:1)
  A manticore (D:13)
  A slime creature (D:13)
  Prince Ribbit (D:7)
  7 yaks
  A human (D:7)
  4 hogs (D:7)
  Duvessa (D:7)
  A porcupine (D:10)
  An orc warrior (D:8)
  2 black bears (D:10)
  A necrophage (D:12)
  A wolf (D:10)
  3 centaurs
  A crocodile (D:10)
  A bullfrog (D:4)
  5 killer bees (D:8)
  A howler monkey (D:4)
  4 orc wizards
  An iron imp (D:9)
  A worker ant (D:9)
  An iguana (D:10)
  A gnoll (D:2)
  3 adders
  3 orcs
  A jackal (D:10)
  A ball python (D:3)
54 creatures vanquished.

Vanquished Creatures (others)
  A bullfrog (Lair:1)
  A shadow imp (D:9)
  A white imp (D:9)
  An orc (D:9)
4 creatures vanquished.

Grand Total: 323 creatures vanquished

Notes
Turn   | Place    | Note
-------+----------+-------------------------------------------
     0 | D:1      | Lennu the Demonspawn Fighter began the quest for the Orb.
     0 | D:1      | Reached XP level 1. HP: 18/18 MP: 1/1
   618 | D:1      | Gained mutation: A weak demonic guardian rushes to your aid. [demonic ancestry]
   618 | D:1      | Reached XP level 2. HP: 24/24 MP: 2/2
   807 | D:2      | Reached skill level 2 in Maces & Flails
   911 | D:2      | Reached XP level 3. HP: 23/29 MP: 3/3
  1150 | D:2      | Found a shimmering altar of Xom.
  1168 | D:2      | Found a stormy altar of Qazlal.
  1745 | D:2      | Found a blossoming altar of Fedhas.
  1753 | D:2      | Found a hazy altar of Hepliaklqana.
  1796 | D:2      | Gained mutation: You are slightly more attuned to the shadows. [demonic ancestry]
  1796 | D:2      | Reached XP level 4. HP: 33/35 MP: 4/4
  1798 | D:2      | Reached skill level 3 in Maces & Flails
  2299 | D:3      | Found a glowing drain.
  2314 | Sewer    | Entered a sewer
  2320 | Sewer    | Gained mutation: You have a pair of small antennae on your head. [demonic ancestry]
  2320 | Sewer    | Reached XP level 5. HP: 23/41 MP: 5/5
  3325 | D:3      | Found a radiant altar of Vehumet.
  3506 | D:3      | Found a runed door.
  3510 | D:3      | Noticed Crazy Yiuf
  3522 | D:3      | Killed Crazy Yiuf
  3719 | D:4      | Reached skill level 1 in Dodging
  3742 | D:4      | Gained mutation: You have a pair of antennae on your head. [demonic ancestry]
  3742 | D:4      | Reached XP level 6. HP: 32/48 MP: 5/7
  3847 | D:4      | Reached skill level 4 in Maces & Flails
  3857 | D:4      | Reached skill level 1 in Spellcasting
  4063 | D:4      | Found a shadowy altar of Dithmenos.
  4709 | D:5      | Entered Level 5 of the Dungeon
  4775 | D:5      | Gained mutation: A demonic guardian rushes to your aid. [demonic ancestry]
  4775 | D:5      | Reached XP level 7. HP: 53/53 MP: 8/8
  4792 | D:5      | HP: 2/53 [orc priest/trident (2)]
  5109 | D:5      | Gained mutation: Your body sometimes deteriorates upon taking damage. [potion of mutation]
  5109 | D:5      | Gained mutation: You can translocate small distances at will. [potion of mutation]
  5139 | D:5      | Learned a level 3 spell: Regeneration
  5280 | D:5      | Reached skill level 5 in Maces & Flails
  5320 | D:5      | Found Qason's Gadget Shop.
  6155 | D:6      | Reached skill level 1 in Necromancy
  6500 | D:7      | Noticed Prince Ribbit
  6504 | D:7      | Killed Prince Ribbit
  6504 | D:7      | Reached skill level 1 in Charms
  6504 | D:7      | Reached XP level 8. HP: 61/61 MP: 9/11
  6536 | D:7      | Reached skill level 6 in Maces & Flails
  6817 | D:7      | Got a shimmering trident
  6818 | D:7      | Identified the cursed +1 trident of the Empty Page {protect, Int+7} (You found it on level 7 of the Dungeon)
  6868 | D:7      | Noticed Dowan
  6870 | D:7      | Noticed Duvessa
  6878 | D:7      | Killed Duvessa
  6881 | D:7      | Killed Dowan
  7056 | D:7      | Found a staircase to the Ecumenical Temple.
  7064 | Temple   | Entered the Ecumenical Temple
  7116 | Temple   | Became a worshipper of Warmaster Okawaru
  7443 | D:8      | Reached XP level 9. HP: 58/67 MP: 11/13
  7462 | D:8      | Reached * piety under Okawaru
  7524 | D:8      | Reached skill level 5 in Armour
  7962 | D:8      | Reached skill level 5 in Fighting
  7973 | D:8      | Reached skill level 7 in Maces & Flails
  8084 | D:8      | Reached ** piety under Okawaru
  8356 | D:9      | Reached skill level 5 in Shields
  9082 | D:9      | Reached *** piety under Okawaru
  9295 | D:9      | Noticed Maurice
  9305 | D:9      | Killed Maurice
  9678 | D:9      | Gained mutation: You have a pair of large antennae on your head. (SInv) [demonic ancestry]
  9678 | D:9      | Reached XP level 10. HP: 61/74 MP: 15/15
 10074 | D:9      | Noticed a deep elf mage
 10081 | D:9      | Noticed a deep elf mage
 10097 | D:9      | Reached **** piety under Okawaru
 10107 | D:9      | Killed a deep elf mage
 10107 | D:9      | Reached skill level 8 in Maces & Flails
 10113 | D:9      | Killed a deep elf mage
 10438 | D:10     | Entered Level 10 of the Dungeon
 10552 | D:10     | Noticed a two-headed ogre
 10558 | D:10     | Killed a two-headed ogre
 10558 | D:10     | Received a gift from Okawaru
 10561 | D:10     | Reached ***** piety under Okawaru
 10828 | D:10     | Found a staircase to the Lair.
 11206 | D:10     | Reached ****** piety under Okawaru
 11560 | D:10     | Noticed a two-headed ogre
 11569 | D:10     | Killed a two-headed ogre
 11569 | D:10     | Received a gift from Okawaru
 11569 | D:10     | Gained mutation: You have a somewhat thin skeletal structure. (Dex +2, Stealth) [demonic ancestry]
 11569 | D:10     | Reached XP level 11. HP: 53/81 MP: 16/16
 11828 | D:11     | Reached skill level 9 in Maces & Flails
 11907 | D:11     | Noticed a cyan ugly thing
 11918 | D:11     | Killed a cyan ugly thing
 12351 | D:11     | Noticed a six-headed hydra
 12363 | D:11     | Killed a six-headed hydra
 12608 | D:11     | Found Cukk's General Store.
 12611 | D:11     | Bought a +4 scale mail of positive energy for 392 gold pieces
 12854 | D:11     | Received a gift from Okawaru
 12930 | D:12     | Reached skill level 5 in Necromancy
 13064 | D:12     | Got a fine chain mail
 13297 | D:12     | Identified the +7 chain mail "Boruqeur" {+Fly rElec rC++ Slay-3} (You took it off an orc on level 12 of the Dungeon)
 13600 | D:12     | Found the ring of the Octopus King
 13608 | D:12     | Got a ring of the Octopus King
 13610 | D:12     | Identified a ring of the Octopus King {AC+1 EV+1 Str+1 Int+1 Dex+1 SInv} (You found it on level 12 of the Dungeon)
 13674 | D:12     | Found a staircase to the Orcish Mines.
 13997 | D:13     | Got a pair of translucent boots
 14003 | D:13     | Identified the +1 pair of boots "Dampik" {rPois} (You found it on level 13 of the Dungeon)
 14109 | D:13     | Noticed a centaur warrior
 14119 | D:13     | Killed a centaur warrior
 14119 | D:13     | Reached skill level 5 in Dodging
 14682 | D:13     | Found a portal to a secret trove of treasure.
 14904 | D:13     | Noticed a vault guard
 14909 | D:13     | Noticed a deep elf archer
 14921 | D:13     | Noticed a vault guard
 14923 | D:13     | Noticed a deep elf archer
 14924 | D:13     | Killed a deep elf archer
 14925 | D:13     | Was placed under penance by Okawaru
 14931 | D:13     | Noticed an orc sorcerer
 14931 | D:13     | Noticed an orc sorcerer
 14932 | D:13     | Noticed a vault guard
 14937 | D:13     | Paralysed by an orc sorcerer for 6 turns
 15277 | Lair:1   | Entered Level 1 of the Lair of Beasts
 15301 | Lair:1   | Reached skill level 10 in Maces & Flails
 15349 | Lair:1   | Noticed a frost giant
 15349 | Lair:1   | Noticed a deep elf knight
 15349 | Lair:1   | Noticed a deep elf mage
 15349 | Lair:1   | Noticed a deep elf knight
 15349 | Lair:1   | Noticed a deep elf mage
 15349 | Lair:1   | Noticed a deep elf mage
 15349 | Lair:1   | Noticed a stone giant
 15388 | Lair:1   | Killed a deep elf knight
 15390 | Lair:1   | Killed a deep elf mage
 15393 | Lair:1   | Killed a deep elf knight
 15407 | Lair:1   | Killed a deep elf mage
 15466 | Lair:2   | Noticed an orc knight
 15466 | Lair:2   | Noticed an orc sorcerer
 15466 | Lair:2   | Noticed a tengu warrior
 15466 | Lair:2   | Noticed a tengu warrior
 15466 | Lair:2   | Noticed a fire giant
 15469 | Lair:1   | HP: 4/84 [tengu warrior/enchanted dire flail[the fury of Okawaru] (6)]
 15474 | Lair:1   | Killed from afar by a frost giant

Skill      XL: |  1  2  3  4  5  6  7  8  9 10 11 |
---------------+----------------------------------+-----
Armour         | 3 4 6 7 |  7.6
Shields        | 3 4 5 6 7 |  7.4
Maces & Flails | 2 3 4 5 6 7 8 10 | 10.1
Dodging        | 1 2 3 4 5 |  5.1
Spellcasting   | 1 2 3 |  3.3
Fighting       | 4 5 6 7 |  7.0
Necromancy     | 1 2 3 4 5 |  5.4
Charms         | 1 2 3 4 |  4.5

Action                   |  1- 3 |  4- 6 |  7- 9 | 10-12 || total
-------------------------+-------+-------+-------+-------++-------
Melee: Flail             |   122 |   208 |    39 |       ||   369
       Whip              |       |       |   277 |   150 ||   427
       Morningstar       |       |       |       |   253 ||   253
  Use: Scroll            |       |     1 |    11 |    12 ||    24
       Potion            |       |       |     4 |     7 ||    11
 Stab: Distracted        |       |       |       |     2 ||     2
       Sleeping          |       |       |       |     1 ||     1
  Eat: Chunk             |     3 |    10 |    16 |    11 ||    40
       Ration            |       |       |       |     2 ||     2
Armor: Scale mail        |    41 |   107 |    70 |    61 ||   279
       Skin              |       |       |     7 |       ||     7
       Chain mail        |       |       |       |    87 ||    87
Dodge: Dodged            |    25 |    63 |    89 |   122 ||   299
       Deflected         |       |       |       |     4 ||     4
Block: Shield            |    61 |   118 |   124 |   234 ||   537
